[ AOE2 MATCH · #505584120 ]
UnrankedMalay vs Muisca
Player's team · LOSS
Rival team · WIN
[ REPLAY ANALYSIS · EXTRACTED FROM THE RECORDED GAME ]
Feudal
8:49
Castle
—
Imperial
—
| APM avg | 57.3 |
| APM peak | 82 |
| eAPM avg | 24.0 |
| Villagers / military | 23 / 13 |
Focus
⚔️ 28.9% · 🌾 71.1%
Archer ×10 · Militia ×3
Feudal
10:01
Castle
—
Imperial
—
| APM avg | 56.6 |
| APM peak | 88 |
| eAPM avg | 21.4 |
| Villagers / military | 30 / 17 |
Focus
⚔️ 40.8% · 🌾 59.2%
Archer ×17 · Unknown (2550) ×4
Match map
Initial resources + every placement click. Lines = walls · curves = elevation contours. ◆ gold · ⬟ stone · ● berries · ✦ relic · ◌ wall gap
Your base· Open — 6t gap
小少少's base· Open — 5t gap
Smoothed initial terrain · ◌ = detected wall gap · hover for details
Inputs per minute
— Sapfiros - - 小少少
Build order — Sapfiros
73 actions detected in the replay
| 0:17 | Build | Town Center |
| 1:44 | Create | Villager (Male) |
| 1:44 | Create | Villager (Male) |
| 1:44 | Create | Villager (Male) |
| 1:45 | Create | Villager (Male) |
| 1:47 | Build | House |
| 2:31 | Build | Lumber Camp |
| 2:49 | Build | House |
| 3:41 | Create | Villager (Male) |
| 3:42 | Create | Villager (Male) |
| 3:42 | Create | Villager (Male) |
| 3:52 | Build | House |
| 4:24 | Create | Villager (Male) |
| 4:42 | Build | House |
| 4:53 | Create | Villager (Male) |
| 5:21 | Create | Villager (Male) |
| 6:04 | Build | Barracks |
| 6:11 | Create | Villager (Male) |
| 6:17 | Build | House |
| 6:41 | Create | Villager (Male) |
| 6:44 | Research | Loom |
| 7:31 | Research | Feudal Age |
| 7:31 | Research | Feudal Age |
| 7:48 | Research | Loom |
| 8:00 | Create | Militia |
| 8:22 | Create | Militia |
| 8:42 | Create | Militia |
| 8:49 | Age | Feudal Age |
| 9:05 | Build | Archery Range |
| 9:22 | Create | Villager (Male) |
| 9:28 | Build | House |
| 9:40 | Research | Man-at-Arms (upgrade) |
| 9:40 | Research | Man-at-Arms (upgrade) |
| 9:51 | Create | Villager (Male) |
| 10:04 | Create | Villager (Male) |
| 10:13 | Create | Archer |
| 10:17 | Build | Palisade Gate |
| 10:18 | Build | Palisade Wall |
| 10:18 | Build | Palisade Wall |
| 10:21 | Build | Palisade Wall |
| 10:21 | Build | Palisade Wall |
| 10:23 | Build | Palisade Wall |
| 10:36 | Build | Mill |
| 10:46 | Create | Villager (Male) |
| 11:01 | Create | Archer |
| 11:17 | Build | House |
| 11:18 | Build | House |
| 11:23 | Create | Archer |
| 12:04 | Create | Villager (Male) |
| 12:04 | Create | Villager (Male) |
| 12:06 | Build | Mill |
| 12:31 | Create | Archer |
| 12:39 | Build | Farm |
| 12:39 | Create | Villager (Male) |
| 12:54 | Create | Villager (Male) |
| 12:54 | Create | Villager (Male) |
| 13:12 | Create | Archer |
| 13:20 | Build | Blacksmith |
| 13:59 | Create | Archer |
| 14:00 | Create | Archer |
| 14:12 | Build | Archery Range |
| 14:18 | Research | Fletching |
| 14:19 | Create | Villager (Male) |
| 14:27 | Create | Archer |
| 14:37 | Build | Farm |
| 14:37 | Build | Farm |
| 14:37 | Build | Farm |
| 14:41 | Build | House |
| 14:42 | Build | House |
| 14:47 | Create | Archer |
| 14:58 | Build | Farm |
| 15:05 | Create | Archer |
| 15:08 | Create | Villager (Male) |
Build order — 小少少
86 actions detected in the replay
| 0:38 | Build | Town Center |
| 1:00 | Build | House |
| 1:54 | Create | Villager (Male) |
| 1:54 | Create | Villager (Male) |
| 1:54 | Create | Villager (Male) |
| 1:55 | Create | Villager (Male) |
| 2:20 | Build | House |
| 2:51 | Create | Villager (Male) |
| 3:19 | Build | House |
| 3:40 | Create | Villager (Male) |
| 3:40 | Create | Villager (Male) |
| 3:41 | Create | Villager (Male) |
| 4:05 | Create | Villager (Male) |
| 4:05 | Create | Villager (Male) |
| 4:25 | Create | Villager (Male) |
| 4:25 | Create | Villager (Male) |
| 4:32 | Build | House |
| 4:44 | Build | House |
| 4:58 | Create | Villager (Male) |
| 4:59 | Create | Villager (Male) |
| 5:15 | Create | Villager (Male) |
| 5:33 | Create | Villager (Male) |
| 5:45 | Build | Barracks |
| 6:08 | Build | House |
| 6:52 | Create | Unit 2550 |
| 7:09 | Build | Settlement |
| 7:13 | Create | Villager (Male) |
| 7:51 | Research | Feudal Age |
| 7:52 | Research | Feudal Age |
| 8:27 | Create | Unit 2550 |
| 8:27 | Create | Unit 2550 |
| 8:54 | Create | Unit 2550 |
| 9:32 | Build | House |
| 9:43 | Research | Loom |
| 9:43 | Create | Villager (Male) |
| 10:01 | Age | Feudal Age |
| 10:04 | Build | Archery Range |
| 10:07 | Build | Archery Range |
| 10:13 | Build | Blacksmith |
| 10:20 | Build | House |
| 10:25 | Research | Tech 1402 |
| 10:25 | Research | Tech 1402 |
| 10:30 | Create | Villager (Male) |
| 10:59 | Create | Villager (Male) |
| 11:07 | Create | Archer |
| 11:07 | Create | Archer |
| 11:16 | Build | Farm |
| 11:18 | Build | Farm |
| 11:37 | Create | Archer |
| 11:37 | Create | Archer |
| 11:50 | Create | Archer |
| 12:00 | Create | Villager (Male) |
| 12:00 | Create | Villager (Male) |
| 12:10 | Create | Archer |
| 12:10 | Create | Archer |
| 12:19 | Create | Villager (Male) |
| 12:19 | Create | Villager (Male) |
| 12:29 | Create | Archer |
| 12:35 | Create | Villager (Male) |
| 12:40 | Create | Archer |
| 12:40 | Create | Archer |
| 12:54 | Build | Palisade Wall |
| 12:55 | Build | House |
| 12:56 | Build | Palisade Wall |
| 13:11 | Research | Fletching |
| 13:25 | Build | Farm |
| 13:27 | Build | Farm |
| 13:35 | Build | Farm |
| 13:40 | Create | Villager (Male) |
| 13:53 | Build | Farm |
| 13:59 | Create | Archer |
| 13:59 | Create | Archer |
| 14:25 | Create | Villager (Male) |
| 14:26 | Create | Villager (Male) |
| 14:28 | Build | Farm |
| 14:28 | Create | Archer |
| 14:28 | Create | Archer |
| 14:37 | Build | House |
| 14:39 | Build | House |
| 14:39 | Build | House |
| 14:56 | Create | Villager (Male) |
| 14:56 | Create | Villager (Male) |
| 15:00 | Create | Archer |
| 15:01 | Create | Archer |
| 15:05 | Build | House |
| 15:24 | Create | Archer |
Match timeline
| 5:45 | 小少少 · first_building Barracks |
| 6:04 | Sapfiros · first_building Barracks |
| 8:49 | Sapfiros · age_up feudal |
| 9:05 | Sapfiros · first_building Archery Range |
| 10:01 | 小少少 · age_up feudal |
| 10:04 | 小少少 · first_building Archery Range |
| 10:18 | Sapfiros · wall_segment Palisade Wall x1 |
| 10:18 | Sapfiros · wall_segment Palisade Wall x1 |
| 10:21 | Sapfiros · wall_segment Palisade Wall x1 |
| 10:21 | Sapfiros · wall_segment Palisade Wall x1 |
| 10:23 | Sapfiros · wall_segment Palisade Wall x6 |
| 12:54 | 小少少 · wall_segment Palisade Wall x1 |
| 12:56 | 小少少 · wall_segment Palisade Wall x1 |
| 15:37 | Sapfiros · resign |
[ AI ANALYSIS · 1 CREDIT ]
What really happened in this match?
Wolo.gg analyzes every decision: build order, eco, micro, common mistakes by bracket. Personalized analysis on WhatsApp or Discord in 30 seconds.
Civ guide
Malay
Perfil
Jugador #16369027